 Dungeon Crawl Stone Soup version 0.17-a0-2024-gc284f19 (webtiles) character file.

1901 Mordenkainen the Destroyer (level 8, -9/41 HPs)
             Began as a Deep Elf Wizard on Oct 10, 2015.
             Was a Follower of Vehumet.
             Mangled by Fannar
             ... wielding an uncursed staff of cold
              (12 damage)
             ... on level 9 of the Dungeon.
             The game lasted 00:21:25 (5461 turns).

Mordenkainen the Destroyer (Deep Elf Wizard)        Turns: 5461, Time: 00:21:25

Health: -9/41      AC:  3    Str:  4    XL:     8   Next: 94%
Magic:  6/21       EV: 12    Int: 26    God:    Vehumet [*.....]
Gold:   298        SH:  0    Dex: 13    Spells: 5 memorised, 11 levels left

rFire  . . .     SeeInvis .     o - +1 whip (freeze)
rCold  . . .     Clarity  .     a - +0 robe
rNeg   . . .     SustAt   .     (no shield)
rPois  .         Gourm    .     b - +0 hat
rElec  .         Spirit   .     (no cloak)
rCorr  .         Warding  .     (no gloves)
rMut   .         Stasis   .     e - +0 pair of boots
MR     .....                    (no amulet)
Stlth  ++........               (no ring)
                                (no ring)

@: repel missiles, not resistant to hostile enchantments, unstealthy
A: no striking features
a: Renounce Religion


You were on level 9 of the Dungeon.
You worshipped Vehumet.
Vehumet was aware of your devotion.
You were not hungry.

You visited 1 branch of the dungeon, and saw 9 of its levels.

You collected 298 gold pieces.

Inventory:

Hand Weapons
 o - a +1 whip of freezing (weapon)
 s - a +0 long sword
 C - a +2 spear of freezing
Missiles
 r - 57 poisoned needles
Armour
 a - a +0 robe (worn)
 b - a +0 hat (worn)
 e - a +0 pair of boots (worn)
Jewellery
 G - a +3 ring of protection {unknown}
Wands
 y - a wand of flame (15)
 A - a wand of paralysis (9)
 F - a wand of cold (5)
Scrolls
 f - 2 scrolls of fear {unknown}
 g - 4 scrolls of noise {unknown}
 i - 7 scrolls of identify {unknown}
 j - 2 scrolls of teleportation {unknown}
 k - 6 scrolls of remove curse {unknown}
 l - a scroll of blinking {unknown}
 v - a scroll of enchant weapon {unknown}
 w - a scroll of immolation {unknown}
 z - a scroll of magic mapping {unknown}
Potions
 h - 2 potions of poison {unknown}
 n - 2 potions of degeneration {unknown}
 p - 2 potions of brilliance {unknown}
 q - a potion of berserk rage {unknown}
 u - a potion of haste {unknown}
 x - 2 potions of flight {unknown}
 B - a potion of heal wounds {unknown}
Books
 c - a book of Minor Magic

   Spells                             Type                      Level
   a - Magic Dart                     Conjuration                  1
   b - Blink                          Translocation                2
   c - Call Imp                       Summoning                    2
   d - Repel Missiles                 Charms/Air                   2
   e - Slow                           Hexes                        2
   f - Conjure Flame                  Conjuration/Fire             3
   g - Mephitic Cloud                 Conjuration/Poison/Air       3
 t - a book of Hinderance

   Spells                             Type                      Level
   a - Confusing Touch                Hexes                        2
   b - Confuse                        Hexes                        3
   c - Gell's Gravitas                Hexes/Translocation          3
   d - Petrify                        Transmutation/Earth          4
   e - Metabolic Englaciation         Hexes/Ice                    5
Comestibles
 d - 6 bread rations
 m - 3 meat rations
 D - a royal jelly


   Skills:
 - Level 2.4 Dodging
 - Level 2.4 Stealth
 + Level 7.7 Spellcasting
 * Level 8.6 Conjurations
 - Level 3.0 Charms
   Level 1.1 Summonings
 - Level 3.1 Translocations
 - Level 3.5 Fire Magic
 - Level 3.1 Air Magic
 - Level 3.5 Poison Magic


You had 11 spell levels left.
You knew the following spells:

 Your Spells              Type           Power        Failure   Level  Hunger
a - Magic Dart            Conj           ####         1%          1    None
b - Blink                 Tloc           N/A          2%          2    None
c - Repel Missiles        Chrm/Air       ####..       2%          2    None
e - Conjure Flame         Conj/Fire      #####...     1%          3    None
h - Mephitic Cloud        Conj/Pois/Air  #####...     1%          3    None


Dungeon Overview and Level Annotations

Branches:
Dungeon (10/15)            Temple (0/1) D:4
   Lair: D:8-11         Orc: D:9-12

Altars:
Cheibriados
Dithmenos
Fedhas
Gozag
Kikubaaqudgha
Okawaru
Sif Muna
Trog
Vehumet
Xom
Zin

Annotations:
D:9 Fannar


Message History

Confirm with . or Enter, or press ? or * to list all spells.
Aiming: Magic Dart
Press: ? - help, Shift-Dir - straight line, f/p - Fannar
Aim: Fannar, wielding a staff of cold and wearing a robe of cold resistance (moderately wounded, confused, protected by a disc of dense vapour)
The magic dart hits Fannar.
Fannar is moderately wounded.
Casting: Magic Dart
Confirm with . or Enter, or press ? or * to list all spells.
Aiming: Magic Dart
Press: ? - help, Shift-Dir - straight line, f/p - Fannar
Aim: Fannar, wielding a staff of cold and wearing a robe of cold resistance (moderately wounded, confused, protected by a disc of dense vapour)
The magic dart hits Fannar.
Fannar is moderately wounded.
Found a robe and a scroll labeled BUODITTEENG.
You hit Fannar.
Fannar is moderately wounded.
Fannar seems less confused.
Fannar hits you with a staff of cold!
* * * LOW HITPOINT WARNING * * *
Fannar freezes you!
You die...

... ... #.
..# #. #.#
#. #.# #.
#.# #.##e#
#..<@#
##....#####
#...........
#..>........
#.##....##.[
#. ........?
. .#######
.. .. +. ..


You could see Fannar.

Vanquished Creatures
  Pikel (D:6)
  The ghost of chimenez the Sneak, a novice OpAs of Cheibriados (D:6)
  A sky beast (D:6)
  A centaur (D:6)
  An ogre (D:4)
  2 ice beasts
  The ghost of Hanibal the Changer, an amateur OpTm (D:3)
  A giant frog (D:6)
  2 crimson imps (D:5)
  A giant frog skeleton (D:4)
  2 hounds
  An iguana (D:5)
  4 worker ants
  A hound skeleton (D:5)
  7 gnolls (D:6)
  6 adders
  A ball python (D:1)
  5 giant cockroaches
  12 goblins
  9 hobgoblins
  10 jackals
  13 kobolds
  2 quokkas
  3 bats
  2 giant geckos
  9 rats
99 creatures vanquished.

Vanquished Creatures (others)
  A worker ant (D:6)
  A goblin (D:6)
  A quokka (D:6)
3 creatures vanquished.

Grand Total: 102 creatures vanquished

Notes
Turn   | Place    | Note
--------------------------------------------------------------
     0 | D:1      | Mordenkainen the Deep Elf Wizard began the quest for the Orb.
     0 | D:1      | Reached XP level 1. HP: 10/10 MP: 7/7
   267 | D:1      | Reached XP level 2. HP: 7/15 MP: 3/9
   734 | D:1      | Reached XP level 3. HP: 6/19 MP: 0/10
   907 | D:2      | Found a radiant altar of Vehumet.
   985 | D:2      | Became a worshipper of Vehumet
   989 | D:2      | Learned a level 2 spell: Blink
   992 | D:2      | Learned a level 2 spell: Repel Missiles
   996 | D:2      | Learned a level 3 spell: Mephitic Cloud
  1494 | D:2      | Reached skill level 1 in Charms
  1672 | D:2      | Reached XP level 4. HP: 24/24 MP: 7/12
  1683 | D:2      | Learned a level 3 spell: Conjure Flame
  2009 | D:3      | Acquired Vehumet's first power
  2009 | D:3      | Offered knowledge of Flame Tongue by Vehumet.
  2010 | D:3      | Noticed Hanibal's ghost (amateur OpTm)
  2031 | D:3      | Killed Hanibal's ghost
  2031 | D:3      | Reached skill level 1 in Fire Magic
  2031 | D:3      | Reached skill level 1 in Poison Magic
  2031 | D:3      | Reached XP level 5. HP: 18/28 MP: 0/14
  2281 | D:3      | Found an ancient bone altar of Kikubaaqudgha.
  2285 | D:3      | Found a snail-covered altar of Cheibriados.
  2285 | D:3      | Found a blossoming altar of Fedhas.
  2287 | D:3      | Found a bloodstained altar of Trog.
  2288 | D:3      | Found a shadowy altar of Dithmenos.
  2289 | D:3      | Found an opulent altar of Gozag.
  2588 | D:4      | Noticed an ogre
  2595 | D:4      | Killed an ogre
  2595 | D:4      | Reached skill level 1 in Air Magic
  2718 | D:4      | Found a staircase to the Ecumenical Temple.
  2781 | D:4      | Found an iron altar of Okawaru.
  2918 | D:4      | Reached XP level 6. HP: 32/32 MP: 11/15
  2986 | D:4      | Found Lomut's Jewellery Shop.
  3226 | D:5      | Entered Level 5 of the Dungeon
  3298 | D:5      | Reached skill level 5 in Spellcasting
  3465 | D:5      | Reached skill level 5 in Conjurations
  3566 | D:5      | Reached XP level 7. HP: 34/36 MP: 12/16
  3916 | D:5      | Found a glowing silver altar of Zin.
  3916 | D:5      | Noticed an angel
  3918 | D:5      | Found a shimmering altar of Xom.
  4303 | D:6      | Noticed chimenez's ghost (novice OpAs)
  4328 | D:6      | Found a bloodstained altar of Trog.
  4395 | D:6      | Killed chimenez's ghost
  4395 | D:6      | Reached skill level 6 in Spellcasting
  4395 | D:6      | Reached XP level 8. HP: 38/41 MP: 0/19
  4669 | D:6      | Noticed Pikel
  4826 | D:6      | Killed Pikel
  4826 | D:6      | Reached skill level 7 in Spellcasting
  4826 | D:6      | Reached skill level 8 in Conjurations
  5122 | D:6      | Found a deep blue altar of Sif Muna.
  5435 | D:7      | You fall through a shaft for 3 floors!
  5435 | D:10     | Entered Level 10 of the Dungeon
  5435 | D:10     | Noticed Fannar
  5435 | D:10     | Noticed a gargoyle
  5437 | D:10     | Noticed a gargoyle
  5461 | D:9      | Mangled by Fannar

Vault maps used:
D:1:      onia_arrival_mini_spirals, solitary_fountain
D:2:      vehumet_crystals, first_bread, supply_closet_lemuel
D:3:      minitemple, st_stairs_3, minmay_misc_feat_alley
D:4:      okawaru_ov_weapons_minmay, minmay_temple_entry_crystal_x,
          serial_shops, nicolae_shop_crystal
D:5:      grunt_temple_overflow_order_and_chaos_1
D:6:      lemuel_blue_sif_altar, minmay_strange_pillars, trog_hazing_becter,
          uniq_pikel
D:7:      lemuel_round_altar, elyvilon_altar_1, nicolae_dithmenos_the_darkroom
D:9:      uniq_erica
D:10:     minmay_klotski, serial_shops, shop_statue, uniq_fannar

Action                   |  1- 3 |  4- 6 |  7- 9 || total
-------------------------+-------+-------+-------++-------
Melee: Unarmed           |     7 |     4 |       ||    11
       Long sword        |       |    31 |     4 ||    35
       Spear             |       |       |    56 ||    56
       Whip              |       |       |    14 ||    14
 Cast: Magic Dart        |   103 |    90 |   126 ||   319
       Mephitic Cloud    |       |     2 |     7 ||     9
       Conjure Flame     |       |     4 |    10 ||    14
       Blink             |       |       |     2 ||     2
       Repel Missiles    |       |       |     1 ||     1
Evoke: Wand              |       |       |     1 ||     1
  Use: Potion            |     1 |       |       ||     1
 Stab: Confused          |       |       |     1 ||     1
  Eat: Fruit             |     1 |     2 |       ||     3
       Chunk             |       |     3 |     7 ||    10
       Pizza             |       |     1 |       ||     1
